 Dungeon Crawl Stone Soup version 0.20-a0-1114-g33edf32 (webtiles) character file.

834 Monsterracer the Transmogrifier (level 7, -4/57 HPs)
             Began as a Naga Transmuter on May 6, 2017.
             Was an Initiate of Cheibriados.
             Slain by an ice beast (16 damage)
             ... on level 4 of the Dungeon.
             The game lasted 00:21:16 (5725 turns).

Monsterracer the Transmogrifier (Naga Transmuter)   Turns: 5725, Time: 00:21:17

Health: -4/57      AC:  2    Str: 13    XL:     7   Next: 98%
Magic:  4/10       EV: 19    Int: 16    God:    Cheibriados [......]
Gold:   216        SH:  0    Dex: 20    Spells: 1/10 levels left

rFire    + . .     SeeInvis +     - Unarmed
rCold    . . .     Gourm    .   (shield currently unavailable)
rNeg     . . .     Faith    .   (armour currently unavailable)
rPois    x         Spirit   .   (helmet currently unavailable)
rElec    .         Reflect  .   (cloak currently unavailable)
rCorr    .         Harm     +   (gloves currently unavailable)
MR       +....                  (no barding)
Stlth    ++........             h - amulet of harm
Regen    0.2/turn               j - ring of protection from fire
MPRegen  0.2/turn               (no ring)

@: spider-form, very slow
A: thin skeletal structure 1, see invisible, magic resistance 1, slow metabolism
1, spit poison 1, subdued magic 1, AC +2
a: Spit Poison, End Transformation, Bend Time, Renounce Religion


You were on level 4 of the Dungeon.
You worshipped Cheibriados.
Cheibriados was noncommittal.
You were near starving.
You were a venomous arachnid creature.
You visited 2 branches of the dungeon, and saw 6 of its levels.

You collected 216 gold pieces.

Inventory:

Armour
 b - a +0 robe (melded)
 k - a +2 hat (melded)
 s - a +0 shield
Jewellery
 h - an amulet of harm (around neck)
 j - a ring of protection from fire (left front leg)
 r - an uncursed amulet of rage {unknown}
Wands
 a - a wand of polymorph (16/24)
 i - a wand of iceblast (15/15)
 m - a wand of confusion (42/48)
 o - a wand of iceblast (6/15)
Scrolls
 e - a scroll of immolation
 f - a scroll of remove curse
 l - 2 scrolls of recharging
 q - a scroll of blinking
 t - a scroll of identify
 u - a scroll of fog
Potions
 n - a potion of flight
 p - a potion of curing
Books
 c - a book of Changes

   Spells                             Type                      Level
   a - Beastly Appendage              Transmutation                1
   b - Sticks to Snakes               Transmutation                2
   c - Spider Form                    Transmutation/Poison         3
   d - Ice Form                       Ice/Transmutation            4
   e - Blade Hands                    Transmutation                5
Comestibles
 d - 5 bread rations
 g - 2 royal jellies


   Skills:
 - Level 1.0 Fighting
 - Level 1.5 Dodging
 + Level 3.5 Unarmed Combat
 - Level 2.0 Spellcasting
 * Level 8.5 Transmutations
 + Level 1.5 Invocations


You had one spell level left.
You knew the following spells:

 Your Spells              Type           Power        Failure   Level  Hunger
a - Beastly Appendage     Tmut           ###...       3%          1    #......
b - Spider Form           Tmut/Pois      ##........   22%         3    ###....
c - Blade Hands           Tmut           ###.......   32%         5    ######.


Dungeon Overview and Level Annotations

Branches:
Dungeon (5/15)             Temple (1/1) D:4

Altars:
Cheibriados
Elyvilon
Fedhas
Kikubaaqudgha
Okawaru
Qazlal
Ru
Trog
Vehumet
Xom
Zin


Innate Abilities, Weirdness & Mutations

You cannot wear boots.
((Your serpentine skin is tough. (AC +2)))
You have supernaturally acute eyesight. (SInv)
((Armour fits poorly on your strangely shaped body.))
((Your system is resistant to poisons. (rPois)))
((You cover ground very slowly.))
You have a slow metabolism.
You can spit poison.
You have a somewhat thin skeletal structure. (Dex +2, Stealth)
You are resistant to hostile enchantments. (MR+)
Your spells are a little easier to cast, but a little less powerful.


Message History

You feel slightly more hungry. The ice beast hits you.
The ice beast freezes you!
You hit the ice beast.
The ice beast is moderately wounded.
You hit the ice beast but do no damage.
The ice beast is moderately wounded.
The ice beast hits you. The ice beast freezes you.
You closely miss the ice beast.
The ice beast is moderately wounded.
The ice beast misses you.
You hit the ice beast but do no damage.
The ice beast is moderately wounded.
You have got your breath back.
The ice beast hits you. The ice beast freezes you!
* * * LOW HITPOINT WARNING * * *
The flow of time bends around you.
The ice beast resists with some effort.
You feel slightly more hungry. The ice beast hits you.
* * * LOW HITPOINT WARNING * * *
The ice beast freezes you!
You die...

..# #.# #.# #.# #.# #.#
#.#########
..........############
#.#######.......sY...# #.#
############.# #.#
####...........#
#.#####....########..##########
........##.# #...........#
#.########.########.#########.#
#.# #.##..........# #.# #.#
#.##.####...#.######.## ..#
#.##.## #.#...........#


You could see an ice beast.

Vanquished Creatures
  Grinder (D:3)
  2 ogres (D:4)
  The ghost of Monsterracer the Firebug, an amateur DEFE (D:3)
  An orc priest (D:3)
  2 hounds (D:4)
  Ijyb (D:3)
  Terence (D:3)
  Jessica (D:3)
  An iguana (D:4)
  A worker ant (D:4)
  10 adders
  An ooze (D:2)
  2 adder skeletons (D:4)
  A worm (D:2)
  2 dart slugs (D:1)
  3 leopard geckos (D:1)
  3 orcs
  9 bats
  5 giant cockroaches
  6 goblins
  9 hobgoblins
  4 jackals (D:2)
  8 kobolds
  3 quokkas
  A ball python (D:1)
  4 frilled lizards
  A jackal skeleton (D:4)
  A leopard gecko skeleton (D:4)
  A quokka skeleton (D:4)
  6 rats
92 creatures vanquished.

Notes
Turn   | Place    | Note
-------+----------+-------------------------------------------
     0 | D:1      | Monsterracer the Naga Transmuter began the quest for the Orb.
     0 | D:1      | Reached XP level 1. HP: 18/18 MP: 3/3
   355 | D:1      | Reached XP level 2. HP: 19/25 MP: 3/5
   690 | D:1      | Reached skill level 3 in Transmutations
  1279 | D:1      | Reached XP level 3. HP: 26/31 MP: 6/6
  1284 | D:1      | Learned a level 3 spell: Spider Form
  2027 | D:2      | Reached skill level 4 in Transmutations
  2187 | D:2      | Reached XP level 4. HP: 38/38 MP: 5/7
  2618 | D:3      | Noticed Monsterracer's ghost (amateur DEFE)
  3195 | D:3      | Killed Monsterracer's ghost
  3195 | D:3      | Reached skill level 5 in Transmutations
  3195 | D:3      | Reached XP level 5. HP: 37/44 MP: 6/8
  3336 | D:3      | Found a glowing silver altar of Zin.
  3386 | D:3      | Noticed Terence
  3397 | D:3      | Killed Terence
  3545 | D:3      | Noticed Ijyb
  3553 | D:3      | Reached skill level 6 in Transmutations
  3553 | D:3      | Reached XP level 6. HP: 21/51 MP: 5/9
  3572 | D:3      | Killed Ijyb
  3744 | D:3      | Learned a level 5 spell: Blade Hands
  3787 | D:3      | Noticed Grinder
  3950 | D:4      | Reached skill level 7 in Transmutations
  4386 | D:3      | Noticed Jessica
  4392 | D:3      | Killed Jessica
  4583 | D:3      | Paralysed by Grinder for 4 turns
  4589 | D:3      | Killed Grinder
  4589 | D:3      | Reached skill level 8 in Transmutations
  4589 | D:3      | Reached XP level 7. HP: 29/57 MP: 7/10
  4904 | D:4      | Found a staircase to the Ecumenical Temple.
  4952 | Temple   | Entered the Ecumenical Temple
  4984 | Temple   | Became a worshipper of Cheibriados the Contemplative
  5106 | D:4      | Gained mutation: You are resistant to hostile enchantments. (MR+) [potion of mutation]
  5106 | D:4      | Gained mutation: Your spells are a little easier to cast, but a little less powerful. [potion of mutation]
  5106 | D:4      | Gained mutation: You have a somewhat thin skeletal structure. (Dex +2, Stealth) [potion of mutation]
  5241 | D:4      | Reached skill level 1 in Invocations
  5409 | D:4      | Found a blossoming altar of Fedhas.
  5716 | D:5      | Entered Level 5 of the Dungeon
  5725 | D:4      | Slain by an ice beast

Vault maps used:
D:1:      dpeg_arrival_fog
D:2:      first_bread, serial_park_tiny_pond
D:3:      old_standard_altar, eino_tiny_chamber, uniq_ijyb, uniq_grinder,
          uniq_terence, uniq_jessica
D:4:      fedhas_altar_3, minmay_temple_entry_large_hall
D:5:      grunt_dithmenos_smoke_and_mirrors, kennysheep_nondescript,
          nicolae_elemental_shop, uniq_prince_ribbit1
Temple:   jpeg_temple_island

Skill      XL: |  1  2  3  4  5  6  7 |
---------------+----------------------+-----
Transmutations | 3 4 5 6 8 |  8.5
Invocations    | 1 |  1.5
Fighting       | |  1.0
Dodging        | |  1.5
Unarmed Combat | |  3.5
Spellcasting   | |  2.0

Action                   |  1- 3 |  4- 6 |  7- 9 || total
-------------------------+-------+-------+-------++-------
Melee: Unarmed           |   116 |   136 |    44 ||   296
       Headbutt          |    11 |     9 |     2 ||    22
       Punch             |     5 |       |     1 ||     6
 Cast: Beastly Appendage |    15 |    15 |     4 ||    34
       Spider Form       |     1 |     8 |     4 ||    13
       Blade Hands       |       |       |     2 ||     2
Invok: Bend Time         |       |       |     1 ||     1
 Abil: Spit Poison       |    18 |    32 |    15 ||    65
Evoke: Wand              |       |     3 |     1 ||     4
  Use: Potion            |     3 |     1 |     2 ||     6
       Scroll            |     5 |     2 |     2 ||     9
 Stab: Confused          |       |     2 |       ||     2
       Invisible         |       |     1 |       ||     1
  Eat: Chunk             |     4 |     5 |     4 ||    13
       Meat ration       |       |     1 |       ||     1
Armor: Robe              |    25 |    34 |    11 ||    70
       Skin              |       |     2 |       ||     2
Dodge: Dodged            |    73 |    59 |    16 ||   148
